 Dungeon Crawl Stone Soup version 0.31.0-12-g77e489cdc1 (webtiles) character file.

Game seed: 11720015337470012147

580 immersed the Reanimator (level 7, -4/36 HPs)
             Began as a Deep Elf Necromancer on Feb 16, 2024.
             Was an Initiate of Ashenzari.
             Killed from afar by a white imp (8 damage)
             ... with a puff of frost
             ... on level 5 of the Dungeon on Feb 22, 2024.
             The game lasted 00:34:05 (4085 turns).

immersed the Reanimator (Deep Elf Necromancer)      Turns: 4085, Time: 00:34:05

Health: -4/36      AC:  6    Str:  5    XL:     7   Next: 13%
Magic:  2/13       EV: 17    Int: 22    God:    Ashenzari [......]
Gold:   272        SH:  0    Dex: 15    Spells: 4/12 levels left

rFire   . . .        n - +2 dagger (venom)
rCold   . . .        (no shield)
rNeg    . . .        a - +0 robe
rPois   .            (no helmet)
rElec   .            (no cloak)
rCorr   .            (no gloves)
SInv    .            (no boots)
Will    .....        (no amulet)
Stlth   ++           g - +4 ring of protection
HPRegen 0.26/turn    u - ring "I Knew You'd Do That" {EV+5, Sorc, Melee} (curse)
MPRegen 0.13/turn

%: no passive effects
@: no status effects
A: no striking features
a: Renounce Religion, Curse Item, Shatter the Chains


You were on level 5 of the Dungeon.
You worshipped Ashenzari.
Ashenzari was noncommittal.
You visited 1 branch of the dungeon, and saw 5 of its levels.

You collected 272 gold pieces.

Inventory:

Hand Weapons
 n - a +2 dagger of venom (weapon)
Missiles
 i - a throwing net
Armour
 a - a +0 robe (worn)
 x - a +0 cloak
Jewellery
 g - a +4 ring of protection (left hand)
 u - the cursed ring "I Knew You'd Do That" (right hand) {EV+5, Sorc, Melee}
   (You found it on level 3 of the Dungeon)

   [ring of evasion]

   EV+5:      It affects your evasion (+5).
   It has a curse which improves the following skills: Sorcery: Conjurations and
   Alchemy.
   Melee Combat: Short Blades, Long Blades, Axes, Maces & Flails, Polearms,
   Staves and Unarmed Combat.
Scrolls
 e - a scroll of noise {unknown}
 f - a scroll of blinking {unknown}
 j - 3 scrolls of identify {unknown}
 l - a scroll of fear {unknown}
 m - a scroll of teleportation {unknown}
 o - 2 scrolls of enchant armour {unknown}
 p - a scroll of poison {unknown}
 s - 3 scrolls of immolation {unknown}
 v - a scroll of vulnerability {unknown}
 w - a scroll of revelation {unknown}
Potions
 b - 2 potions of mutation {unknown}
 c - a potion of experience {unknown}
 d - a potion of ambrosia {unknown}
 h - 4 potions of lignification {unknown}
 k - a potion of brilliance {unknown}
 q - 2 potions of might {unknown}
 r - a potion of haste {unknown}
 t - 2 potions of berserk rage {unknown}


   Skills:
 - Level 2.4 Dodging
 - Level 2.4 Stealth
 - Level 3.0 Spellcasting
 + Level 10.4 Necromancy


You had 4 spell levels left.
You knew the following spells:

 Your Spells              Type           Power      Damage    Failure   Level
a - Necrotise             Necr           100%       1d9       1%          1
b - Animate Dead          Necr           49%        N/A       1%          4
c - Vampiric Draining     Necr           49%        2d9       1%          3

Your spell library contained the following spells:

 Spells                   Type           Power      Damage    Failure   Level
 Shock                    Conj/Air       12%        1d3       12%         1
 Blink                    Tloc           6%         N/A       19%         2
 Lesser Beckoning         Tloc           6%         N/A       19%         2
 Momentum Strike          Conj/Tloc      6%         3d8       19%         2
 Frozen Ramparts          Ice            6%         1d1       36%         3
 Swiftness                Air            3%         N/A       36%         3
 Airstrike                Air            1%         2d(1-17)  77%         4
 Leda's Liquefaction      Alch/Erth      1%         N/A       77%         4
 Petrify                  Alch/Erth      3%         N/A       77%         4
 Curse of Agony           Necr           49%        N/A       4%          5
 Metabolic Englaciation   Hex/Ice        1%         N/A       98%         5
 Summon Forest            Summ/Tloc      1%         N/A       98%         5
 Summon Mana Viper        Hex/Summ       3%         N/A       98%         5
 Summon Cactus Giant      Summ           1%         N/A       100%        6


Dungeon Overview and Level Annotations

Branches:
Dungeon (5/15)             Temple (0/1) D:4

Altars:
Ashenzari

Shops:
D:4 [=*


Message History

The ufetubus is moderately wounded.
The jackal closely misses you.
The white imp grins evilly.
The white imp misses you. The ufetubus completely misses you.
The ufetubus misses you.
You hit the ufetubus.
The ufetubus looks as sick as possible!
The ufetubus is heavily wounded.
The jackal bites you but does no damage.
The ufetubus misses you. x2
The white imp gestures at you. The puff of frost hits you.
The ufetubus hits you but does no damage.
The ufetubus misses you. The jackal misses you.
You miss the ufetubus.
The ufetubus is severely wounded.
The white imp gestures at you. The puff of frost hits you.
* * * LOW HITPOINT WARNING * * *
The ufetubus closely misses you. x2; The jackal closely misses you.
You are too injured to fight recklessly!
You are too injured to fight recklessly!
You hit the ufetubus but do no damage.
The ufetubus looks as sick as possible!
The ufetubus is almost dead.
You kill the ufetubus!
The jackal closely misses you. The white imp barely misses you.
The jackal closely misses you.
You hit the jackal but do no damage.
The jackal is poisoned.
The white imp misses you. The jackal barely misses you.
You hit the jackal.
You kill the jackal!
The white imp hits you.
* * * LOW HITPOINT WARNING * * *
The white imp freezes you.
* * * LOW HITPOINT WARNING * * *
A white imp is nearby!
A white imp is nearby!
A white imp is nearby!
The white imp gestures at you. The puff of frost hits you!
You die...

.... #........>....
#...#........
###.......#... ##.
.........##.#####...
#.......##.........
..#...........#....#
......#.......)....##
.........@....$.....#
...####..†..........#
####)#))5).......#
.....................
.........##...#...###
.#..##...###..#...#
## #.... ##.#...#
#.#... ....#.# ..##..
##..#..


You could see a white imp.

Vanquished Creatures
  An orc warrior (D:5)
  An ogre (D:4)
  A phantom (D:4)
  A gnoll bouda (D:3)
  2 hounds (D:4)
  A sleepcap (D:5)
  2 adders
  6 gnolls
  2 ufetubi (D:5)
  2 ribbon worms
  9 orcs
  4 ball pythons
  5 bats
  4 endoplasms
  5 goblins
  2 hobgoblins
  2 jackals (D:5)
  3 quokkas
  2 frilled lizards
  8 kobolds
  5 rats
68 creatures vanquished.

Vanquished Creatures (collateral kills)
  A bombardier beetle (D:4)
  A hound (D:3)
  A frilled lizard (D:1)
  A goblin (D:1)
4 creatures vanquished.

Vanquished Creatures (others)
  A quokka zombie (D:4)
1 creature vanquished.

Grand Total: 73 creatures vanquished

Notes
Turn   | Place    | Note
-------+----------+-------------------------------------------
     0 | D:1      | immersed the Deep Elf Necromancer began the quest for the
                  | Orb.
     0 | D:1      | Reached XP level 1. HP: 10/10 MP: 6/6
   149 | D:1      | Reached skill level 5 in Necromancy
   324 | D:1      | Reached XP level 2. HP: 15/15 MP: 6/8
  1272 | D:2      | Found a broken altar of Ashenzari.
  1293 | D:2      | Reached skill level 6 in Necromancy
  1296 | D:2      | Became a worshipper of Ashenzari the Shackled
  1332 | D:2      | Reached XP level 3. HP: 6/19 MP: 3/9
  1959 | D:3      | Reached skill level 7 in Necromancy
  1959 | D:3      | Reached XP level 4. HP: 16/24 MP: 2/10
  1964 | D:3      | Learned a level 4 spell: Animate Dead
  1968 | D:3      | Learned a level 3 spell: Vampiric Draining
  2359 | D:3      | Reached XP level 5. HP: 28/28 MP: 1/11
  2382 | D:3      | Reached skill level 8 in Necromancy
  2626 | D:4      | Noticed an ogre
  2637 | D:4      | Killed an ogre
  2881 | D:4      | Found Acianoul's Antique Armour Shop.
  2987 | D:4      | Reached XP level 6. HP: 32/32 MP: 8/12
  3061 | D:4      | Found a staircase to the Ecumenical Temple.
  3169 | D:4      | Found Geplacw's Jewellery Shop.
  3171 | D:4      | Found Wezaurix's Assorted Antiques.
  3351 | D:4      | Reached skill level 9 in Necromancy
  3957 | D:5      | Entered Level 5 of the Dungeon
  3990 | D:5      | Noticed an orc warrior
  4052 | D:5      | Killed an orc warrior
  4053 | D:5      | Reached skill level 10 in Necromancy
  4053 | D:5      | Reached XP level 7. HP: 36/36 MP: 6/13
  4085 | D:5      | Killed from afar by a white imp

Illustrated notes

Levels and vault maps discovered:
D:1:      beargit_arrival_diablo_church, layout_basic,
          chequers_serial_rivers_small_3
D:2:      layout_basic, basic_altar, palyth_stone_intersect
D:3:      layout_rooms
D:4:      layout_layer_cave, minmay_temple_entry_large_hall,
          nicolae_shop_distant_corner_stores
D:5:      layout_rooms, nzn_wu_jian_contemplation, nicolae_shop_unique_rings,
          st_stairs_13, amcnicky_mini_pool_small

Skill      XL: |  1  2  3  4  5  6 |
---------------+-------------------+-----
Necromancy     | 5 6 7 8 10 | 10.4
Dodging        | |  2.4
Stealth        | |  2.4
Spellcasting   | |  3.0

Action                     |  1- 3 |  4- 6 |  7- 9 || total
---------------------------+-------+-------+-------++-------
  Melee: Unarmed           |    17 |       |       ||    17
         Dagger            |       |    54 |    13 ||    67
         Punch             |       |     1 |       ||     1
   Cast: Necrotise         |    64 |    64 |     9 ||   137
         Animate Dead      |       |     5 |       ||     5
         Vampiric Draining |       |     1 |       ||     1
 Invoke: Curse Item        |       |     1 |       ||     1
    Use: Potion            |     1 |       |       ||     1
 Armour: Robe              |    13 |    24 |    37 ||    74
  Dodge: Dodged            |    28 |    47 |    93 ||   168
